[Event "fics rated crazyhouse match"]
[Site "fics, Oklahoma City, OK USA"]
[Date "2000.02.29"]
[White "LSS"]
[WhiteElo "2546"]
[Black "dovijanic"]
[BlackElo "2146"]
[TimeControl "180+0"]
[Result "1-0"]

1. e4 e6 2. d4 b6 3. Bd3 Bb7 4. Ne2 Nf6 5. Ng3 d5 6. e5 
Ne4 7. Qe2 Nc6 8. c3 Nxg3 9. hxg3 h6 10. Bxh6 Rxh6 11. Rxh6 gxh6 
12. N@f6+ Qxf6 13. exf6 R@h1+ 14. R@f1 Rxf1+ 15. Qxf1 R@c1+ 16. R@d1 Rxd1+ 17. Kxd1 
B@h5+ 18. P@f3 N@h2 19. Qh1 N@c4 20. Bxc4 dxc4 21. Qxh2 R@f1+ 22. R@e1 Rxe1+ 
23. Kxe1 B@d3 24. Nd2 R@e2+ 25. Kd1 Rxf2 26. N@f4 P@e2+ 27. Nxe2 Rxe2 28. P@d7# 
{dovijanic forfeits on time} 1-0

[Event "fics rated crazyhouse match"]
[Site "fics, Oklahoma City, OK USA"]
[Date "2000.02.29"]
[White "Zap"]
[WhiteElo "2034"]
[Black "LSS"]
[BlackElo "2547"]
[TimeControl "180+0"]
[Result "0-1"]

1. e4 e6 2. d4 d5 3. exd5 exd5 4. Nf3 Nf6 5. Nc3 Bb4 6. Bg5 
h6 7. Bb5+ Bd7 8. Bxf6 Qxf6 9. Qe2+ P@e4 10. Bxd7+ Nxd7 11. B@e5 Nxe5 
12. dxe5 Qe6 13. N@b5 B@b6 14. P@f5 Qxf5 15. N@d6+ cxd6 16. exd6 O-O 17. Nh4 
Qf6 18. P@e7 Rfe8 19. O-O Bxc3 20. Nxc3 Qxh4 21. B@g3 N@f3+ 22. Kh1 P@h3 
23. Nxe4 hxg2+ 24. Kxg2 B@h3+ 25. Kxf3 Qg4# 
{Zap checkmated} 0-1

[Event "fics rated crazyhouse match"]
[Site "fics, Oklahoma City, OK USA"]
[Date "2000.02.29"]
[White "LSS"]
[WhiteElo "2548"]
[Black "Zap"]
[BlackElo "2033"]
[TimeControl "180+0"]
[Result "1-0"]

1. e4 d5 2. exd5 e6 3. dxe6 Bxe6 4. Nf3 Nc6 5. Bb5 Nf6 6. P@a6 
P@d7 7. axb7 Rb8 8. Bxc6 dxc6 9. Ne5 B@d5 10. N@e3 Rxb7 11. Nc3 Bd6 
12. Ncxd5 cxd5 13. B@c6+ P@d7 14. Nxd7 Bxd7 15. Bxb7 d4 16. R@a8 N@b8 17. P@c6 
dxe3 18. cxd7+ Nfxd7 19. dxe3 N@b6 20. Rxa7 P@d5 21. P@a5 N@h4 22. B@f1 O-O 
23. axb6 Nxb6 24. P@a5 Bb4+ 25. Bd2 Bxd2+ 26. Qxd2 Nc4 27. Bxc4 dxc4 28. Qxd8 
Rxd8 29. N@h6+ Kf8 30. Q@g8+ Ke7 31. Qxf7+ Kd6 32. O-O-O+ P@d3 33. B@g3+ Kc5 
34. Qxc7+ B@c6 35. P@d4+ Kb4 36. P@a3+ Ka4 37. N@c3# 
{Zap checkmated} 1-0

[Event "fics rated crazyhouse match"]
[Site "fics, Oklahoma City, OK USA"]
[Date "2000.02.29"]
[White "LSS"]
[WhiteElo "2549"]
[Black "PJK"]
[BlackElo "1951"]
[TimeControl "180+0"]
[Result "0-1"]

1. e4 e5 2. Bc4 Nf6 3. Nc3 Bc5 4. Nf3 Ng4 5. O-O O-O 6. d3 
Nc6 7. Bg5 Ne7 8. Nd5 Nxf2 9. Rxf2 Bxf2+ 10. Kxf2 Nxd5 11. Bxd5 N@g4+ 
12. Ke2 P@f6 13. Bd2 c6 14. Bb3 d5 15. exd5 cxd5 16. Bxd5 Be6 17. Bxb7 
Rb8 18. P@a6 Qb6 19. B@e3 R@f2+ 20. Ke1 Nxe3 21. N@e7+ Kh8 22. Bxe3 Qxe3+ 
23. P@e2 Rxg2 24. P@f2 Qxf2+ 25. Kd2 B@f4+ 26. Kc3 Qc5+ 27. N@c4 P@b4+ 28. Kb3 
Bxc4+ 29. dxc4 P@a4+ 30. Kxa4 N@b6+ 31. Kb3 P@a4# 
{LSS checkmated} 0-1

[Event "fics rated crazyhouse match"]
[Site "fics, Oklahoma City, OK USA"]
[Date "2000.02.29"]
[White "XXNoWay"]
[WhiteElo "2319"]
[Black "LSS"]
[BlackElo "2534"]
[TimeControl "180+0"]
[Result "0-1"]

1. e4 e6 2. d4 d5 3. e5 c5 4. Nf3 Bd7 5. Be2 Nc6 6. dxc5 
Bxc5 7. O-O Rc8 8. P@d6 f6 9. exf6 Nxf6 10. P@c7 Rxc7 11. dxc7 Qxc7 
12. Nc3 O-O 13. Bg5 P@e4 14. Nh4 P@g3 15. Kh1 gxh2 16. Bxf6 Rxf6 17. N@g4 
Rf8 18. Nxh2 B@b8 19. P@g3 Bxf2 20. Bh5 Qxg3 21. N2f3 exf3 22. Nxf3 P@h3 
23. P@f7+ Rxf7 24. Bxf7+ Kxf7 25. R@h2 Qxh2# 
{XXNoWay resigns} 0-1

[Event "fics rated crazyhouse match"]
[Site "fics, Oklahoma City, OK USA"]
[Date "2000.02.29"]
[White "LSS"]
[WhiteElo "2538"]
[Black "XXNoWay"]
[BlackElo "2315"]
[TimeControl "180+0"]
[Result "1-0"]

1. e4 e6 2. d4 Nf6 3. e5 Nd5 4. Nf3 Nc6 5. Be2 d6 6. O-O 
Be7 7. c4 Nb6 8. Na3 Bd7 9. exd6 cxd6 10. d5 Ne5 11. Nxe5 dxe5 
12. d6 O-O 13. dxe7 Qxe7 14. B@d6 Qh4 15. N@f3 Qe4 16. P@d3 Qf5 17. Bxe5 
f6 18. P@e4 Qg6 19. Bd4 e5 20. Bxb6 axb6 21. N@e7+ Kh8 22. Nxg6+ hxg6 
23. Qb3 P@h3 24. gxh3 Bxh3 25. P@h6 Bxf1 26. hxg7+ Kxg7 27. P@h6+ Kf7 28. Q@g7+ 
Ke8 29. Bxf1 P@e2 30. B@d7+ Kd8 31. Qxb6# 
{XXNoWay resigns} 1-0

[Event "fics rated crazyhouse match"]
[Site "fics, Oklahoma City, OK USA"]
[Date "2000.02.29"]
[White "XXNoWay"]
[WhiteElo "2312"]
[Black "LSS"]
[BlackElo "2541"]
[TimeControl "180+0"]
[Result "1-0"]

1. d4 e6 2. Nf3 d5 3. Nc3 Nc6 4. Bf4 Bd7 5. e3 Nf6 6. Bb5 
Bb4 7. O-O O-O 8. Bxc6 bxc6 9. Ne5 Bxc3 10. bxc3 N@e4 11. Nxd7 Nxd7 
12. B@e5 Nxe5 13. Bxe5 f6 14. Qg4 N@h6 15. Qxe6+ B@f7 16. Qxc6 fxe5 17. dxe5 
B@d7 18. Qb7 B@c6 19. Qb4 Re8 20. B@f4 Ng4 21. P@f6 gxf6 22. exf6 Qxf6 
23. P@g5 Nxg5 24. Bxg5 Qxg5 25. P@f4 Qg7 26. N@e7+ Kh8 27. Nxc6 Nxh2 28. Kxh2 
B@d6 29. B@e5 Bxe5 30. fxe5 Bxc6 31. B@f6 B@h6 32. P@g5 Bxg5 33. Bxg7+ Kxg7 
34. N@f5+ Kg6 35. N@h4+ Bxh4 36. Nxh4+ Kg7 37. N@f5+ Kh8 38. Q@g7# 
{LSS checkmated} 1-0

[Event "fics rated crazyhouse match"]
[Site "fics, Oklahoma City, OK USA"]
[Date "2000.02.29"]
[White "LSS"]
[WhiteElo "2528"]
[Black "XXNoWay"]
[BlackElo "2325"]
[TimeControl "180+0"]
[Result "0-1"]

1. e4 e6 2. d4 d5 3. exd5 exd5 4. Bb5+ Nc6 5. Qe2+ P@e4 6. Nc3 
Nf6 7. P@a6 Rb8 8. axb7 Bxb7 9. P@a6 Bxa6 10. Bxc6+ P@d7 11. Bxd7+ Qxd7 
12. Qxa6 Bb4 13. B@c6 B@b5 14. Bxd7+ Nxd7 15. Qxa7 B@b6 16. Qxb8+ Nxb8 17. R@c8+ 
Kd7 18. Q@f5+ P@e6 19. Qxf7+ Kxc8 20. P@e2 R@f8 21. Qxe6+ Q@d7 22. Qxd7+ Bxd7 
23. N@e5 Bxd4 24. Nxd7 Bxf2+ 25. Kd2 Q@e1# 
{LSS checkmated} 0-1

[Event "fics rated crazyhouse match"]
[Site "fics, Oklahoma City, OK USA"]
[Date "2000.02.29"]
[White "XXNoWay"]
[WhiteElo "2337"]
[Black "LSS"]
[BlackElo "2516"]
[TimeControl "180+0"]
[Result "1-0"]

1. e4 e6 2. Nc3 d5 3. Nf3 d4 4. Ne2 Nc6 5. Ng3 Nf6 6. Bb5 
Bc5 7. d3 Qe7 8. O-O e5 9. Bxc6+ bxc6 10. N@f5 Bd6 11. Nxe7 Kxe7 
12. Bg5 B@g4 13. Bxf6+ gxf6 14. N@f5+ Bcxf5 15. Nxf5+ Bxf5 16. exf5 Rhg8 17. B@e6 
fxe6 18. fxe6 Rxg2+ 19. Kh1 B@e8 20. P@f7 Kxe6 21. fxe8=Q+ Rxe8 22. B@h3+ P@f5 
23. Bxf5+ Kxf5 24. Nh4+ Ke6 25. B@f5+ Kf7 26. Qh5+ P@g6 27. Qxh7+ P@g7 28. Q@d7+ 
Re7 29. Bxg6+ Kf8 30. Qd8+ B@e8 31. Nxg2 B@d5 32. P@f7 Bxg2+ 33. Kxg2 N@f4+ 
34. Kh1 Rxf7 35. R@g8# 
{LSS checkmated} 1-0

[Event "fics rated crazyhouse match"]
[Site "fics, Oklahoma City, OK USA"]
[Date "2000.02.29"]
[White "LSS"]
[WhiteElo "2504"]
[Black "XXNoWay"]
[BlackElo "2349"]
[TimeControl "180+0"]
[Result "0-1"]

1. e4 e6 2. Nc3 Nf6 3. e5 Nd5 4. Nxd5 exd5 5. d4 Nc6 6. Bb5 
d6 7. exd6 cxd6 8. Qe2+ P@e4 9. P@a6 Bd7 10. axb7 Rb8 11. Bxc6 Bxc6 
12. N@a5 B@b4+ 13. Bd2 Qxa5 14. Bxb4 Qxb4+ 15. B@c3 Qxb7 16. N@a5 Qc7 17. Nxc6 
Qxc6 18. a4 P@b3 19. B@b5 Rxb5 20. axb5 Qc7 21. R@c6 Qd7 22. P@c7 B@b7 
23. Rxa7 Bxc6 24. bxc6 Qxc6 25. c8=Q+ Qxc8 26. P@d7+ Qxd7 27. Rxd7 R@b1+ 28. B@d1 
Kxd7 29. Qb5+ P@c6 30. Q@b7+ Ke6 31. Qxb3 B@c4 32. Qc8+ P@d7 33. Qe8+ Be7 
34. P@f5+ Kf6 35. Qxd7 R@f1+ 36. Kd2 Rbxd1+ 37. Ke3 B@g5+ 38. P@f4 N@g4# 
{LSS checkmated} 0-1

[Event "fics rated crazyhouse match"]
[Site "fics, Oklahoma City, OK USA"]
[Date "2000.02.29"]
[White "DjBoy"]
[WhiteElo "1925"]
[Black "LSS"]
[BlackElo "2493"]
[TimeControl "180+0"]
[Result "0-1"]

1. e4 e6 2. d4 d5 3. exd5 exd5 4. Nf3 Nf6 5. Bg5 Be7 6. Nc3 
Nc6 7. Bb5 O-O 8. O-O P@h3 9. gxh3 Bxh3 10. P@g2 Bxg2 11. Kxg2 P@g4 
12. Be2 gxf3+ 13. Bxf3 P@e4 14. Bg4 Nxg4 15. Bxe7 B@f3+ 16. Qxf3 exf3+ 17. Kxf3 
Qxe7 18. Kxg4 Q@g2+ 19. B@g3 B@f3+ 20. Kf4 g5+ 21. Kf5 N@g7# 
{DjBoy checkmated} 0-1

[Event "fics rated crazyhouse match"]
[Site "fics, Oklahoma City, OK USA"]
[Date "2000.02.29"]
[White "LSS"]
[WhiteElo "2494"]
[Black "DjBoy"]
[BlackElo "1924"]
[TimeControl "180+0"]
[Result "1-0"]

1. e4 e6 2. d4 Nf6 3. Bd3 Nc6 4. c3 d6 5. Nf3 Be7 6. O-O 
Bd7 7. Be3 O-O 8. Nbd2 Ng4 9. Qe2 Nxe3 10. fxe3 B@g4 11. h3 Bxh3 
12. gxh3 e5 13. B@g2 exd4 14. exd4 P@g4 15. hxg4 Bxg4 16. P@h3 Bxf3 17. Rxf3 
Bg5 18. N@f5 P@e3 19. Nxe3 Bxe3+ 20. Qxe3 N@h4 21. B@g5 Nxg2 22. Kxg2 B@e7 
23. Bxe7 Qxe7 24. P@f6 N@h4+ 25. Kh2 Nxf3+ 26. Qxf3 P@g3+ 27. Kxg3 R@g6+ 28. N@g4 
gxf6 29. N@f5 Qe6 30. P@d5 B@e5+ 31. dxe5 Qxe5+ 32. P@f4 Qe8 33. dxc6 bxc6 
34. N@e7+ Qxe7 35. Nxe7# 
{DjBoy resigns} 1-0

[Event "fics rated crazyhouse match"]
[Site "fics, Oklahoma City, OK USA"]
[Date "2000.02.29"]
[White "DjBoy"]
[WhiteElo "1923"]
[Black "LSS"]
[BlackElo "2495"]
[TimeControl "180+0"]
[Result "0-1"]

1. e4 e6 2. d4 d5 3. e5 c5 4. Nf3 Nc6 5. c3 cxd4 6. cxd4 
Nge7 7. Nc3 Nf5 8. P@b5 Ncxd4 9. Nxd4 Nxd4 10. Qxd4 N@c2# 
{DjBoy resigns} 0-1

[Event "fics rated crazyhouse match"]
[Site "fics, Oklahoma City, OK USA"]
[Date "2000.02.29"]
[White "LSS"]
[WhiteElo "2496"]
[Black "DjBoy"]
[BlackElo "1922"]
[TimeControl "180+0"]
[Result "1-0"]

1. e4 e6 2. d4 Nf6 3. Bd3 Nc6 4. c3 d5 5. e5 Ne4 6. Nh3 
Be7 7. O-O Bd7 8. Qg4 g6 9. Bxe4 dxe4 10. N@g7+ Kf8 11. Bh6 Kg8 
12. Qxe4 B@f8 13. P@f6 Bxf6 14. exf6 Qxf6 15. B@g5 Qf5 16. Nxf5 exf5 17. Qxc6 
{DjBoy resigns} 1-0

[Event "fics rated crazyhouse match"]
[Site "fics, Oklahoma City, OK USA"]
[Date "2000.02.29"]
[White "DjBoy"]
[WhiteElo "1921"]
[Black "LSS"]
[BlackElo "2497"]
[TimeControl "180+0"]
[Result "0-1"]

1. e4 e6 2. d4 d5 3. e5 c5 4. c3 Nc6 5. Nf3 Bd7 6. Bd3 
cxd4 7. cxd4 P@e4 8. Ng5 exd3 9. Qxd3 B@g6 10. Qb5 Nxd4 11. Qxb7 Nc2+ 
12. Kf1 Rb8 13. P@c7 Rxb7 14. cxd8=Q+ Kxd8 15. Q@a5+ Q@b6 16. Qxb6+ axb6 17. Bd2 
Bb5+ 18. P@e2 Bxe2+ 19. Kxe2 P@d3+ 20. Kf3 Nd4+ 21. Ke3 Q@e2+ 22. Kxd4 Bc5+ 
23. Kc3 Qxe5+ 24. Kb3 P@c4+ 25. Ka4 Ra7+ 26. Kb5 P@a6+ 27. Ka4 P@b5# 
{DjBoy checkmated} 0-1

[Event "fics rated crazyhouse match"]
[Site "fics, Oklahoma City, OK USA"]
[Date "2000.02.29"]
[White "LSS"]
[WhiteElo "2498"]
[Black "DjBoy"]
[BlackElo "1920"]
[TimeControl "180+0"]
[Result "1-0"]

1. e4 d6 2. d4 Nc6 3. d5 Ne5 4. Nf3 Bg4 5. Be2 Bxf3 6. gxf3 
Nf6 7. Rg1 e6 8. Nc3 exd5 9. exd5 N@h3 10. Rg3 Qd7 11. B@a4 c6 
12. dxc6 bxc6 13. P@d5 P@b7 14. dxc6 bxc6 15. P@f4 Ng6 16. Bxc6 Qxc6 17. Bb5 
P@d7 18. Bxc6 dxc6 19. Rxh3 P@g2 20. Rg3 B@h3 21. N@c7+ Kd7 22. Nxa8 B@b6 
23. R@b7+ Ke6 24. Q@e2+ Kf5 25. Rg5# 
{DjBoy checkmated} 1-0

[Event "fics rated crazyhouse match"]
[Site "fics, Oklahoma City, OK USA"]
[Date "2000.02.29"]
[White "DjBoy"]
[WhiteElo "1919"]
[Black "LSS"]
[BlackElo "2499"]
[TimeControl "180+0"]
[Result "0-1"]

1. e4 e6 2. d4 d5 3. e5 c5 4. c3 Nc6 5. Nf3 cxd4 6. cxd4 
Nge7 7. Bg5 h6 8. Bh4 Qa5+ 9. Nc3 Nf5 10. Bb5 P@a3 11. Bxc6+ bxc6 
12. N@b3 Qb6 13. P@c5 Qa6 14. bxa3 B@b2 15. Rc1 Bxa3 16. Rc2 P@e4 17. P@g4 
exf3 18. gxf5 fxg2 19. Rg1 P@c7 20. Rxg2 N@d3+ 21. Kd2 exf5 22. P@d6 P@b4 
23. Ne2 Bxd6 24. exd6 P@c3+ 25. Ke3 f4+ 26. Kf3 O-O 27. N@e7+ Kh7 28. B@f5+ 
g6 29. Bxd3 Qxd3+ 30. Qxd3 B@e4+ 31. Qxe4 dxe4+ 32. Kxe4 f5+ 33. Nxf5 Bxf5+ 
34. Kxf4 Q@e4+ 35. Kg3 N@h5# 
{DjBoy checkmated} 0-1

[Event "fics rated crazyhouse match"]
[Site "fics, Oklahoma City, OK USA"]
[Date "2000.02.29"]
[White "TheLongOne"]
[WhiteElo "2103"]
[Black "Firefly"]
[BlackElo "2555"]
[TimeControl "180+0"]
[Result "0-1"]

1. e4 e6 2. d4 Nc6 3. Nf3 Nf6 4. Bd3 d5 5. e5 Ne4 6. Nc3 
Bb4 7. O-O Bxc3 8. Bxe4 dxe4 9. Ng5 Nxd4 10. bxc3 P@e2 11. B@b5+ B@c6 
12. Bxe2 Nxe2+ 13. Qxe2 B@f3 14. Nxf3 exf3 15. gxf3 N@h3+ 16. Kh1 N@f4 17. Qc4 
Bxf3# 
{TheLongOne resigns} 0-1

[Event "fics rated crazyhouse match"]
[Site "fics, Oklahoma City, OK USA"]
[Date "2000.02.29"]
[White "TheLongOne"]
[WhiteElo "2101"]
[Black "Firefly"]
[BlackElo "2557"]
[TimeControl "180+0"]
[Result "0-1"]

1. e4 e6 2. d4 Nc6 3. d5 exd5 4. exd5 Bb4+ 5. Bd2 Qe7+ 6. Qe2 
Nd4 7. Bxb4 Nxc2+ 8. Kd2 Nxb4 9. Qxe7+ Nxe7 10. Na3 Nexd5 11. Re1+ P@e6 
12. Bd3 Nxd3 13. Kxd3 Nb4+ 14. Kc4 Q@d3+ 15. Kxb4 a5+ 16. Ka4 B@c6+ 17. P@b5 
Bxb5+ 18. Nxb5 Qc4+ 19. Ka3 Qb4# 
{TheLongOne checkmated} 0-1

[Event "fics rated crazyhouse match"]
[Site "fics, Oklahoma City, OK USA"]
[Date "2000.02.29"]
[White "Firefly"]
[WhiteElo "2558"]
[Black "TheLongOne"]
[BlackElo "2100"]
[TimeControl "180+0"]
[Result "1-0"]

1. e4 e6 2. Nc3 d5 3. exd5 exd5 4. Nf3 Bg4 5. Bb5+ P@c6 6. Qe2+ 
Qe7 7. P@e5 Bxf3 8. gxf3 N@d4 9. Nxd5 cxb5 10. Nxe7 Nxe2 11. Nxg8 Nc6 
12. N@f6+ gxf6 13. Nxf6+ Ke7 14. Q@d7# 
{TheLongOne checkmated} 1-0

[Event "fics rated crazyhouse match"]
[Site "fics, Oklahoma City, OK USA"]
[Date "2000.02.29"]
[White "TheLongOne"]
[WhiteElo "2099"]
[Black "Firefly"]
[BlackElo "2559"]
[TimeControl "180+0"]
[Result "0-1"]

1. e4 e6 2. Nf3 Nc6 3. d4 Nf6 4. Bd3 d5 5. exd5 exd5 6. Ne5 
Nxd4 7. Bxh7 Rxh7 8. Qxd4 B@c5 9. Qd3 Qe7 10. Bf4 P@d6 11. P@d7+ Bxd7 
12. N@f5 Bxf5 13. Qxf5 dxe5 14. Bxe5 Bxf2+ 15. Kxf2 N@g4+ 16. Ke2 Qxe5+ 17. Qxe5+ 
Nxe5 18. B@b5+ B@c6 19. Bxc6+ Nxc6 20. Re1 B@e4 21. P@f3 Rxh2 22. fxe4 Rxg2+ 
23. Kf3 N@h4+ 24. Kf4 Q@f3# 
{TheLongOne checkmated} 0-1

[Event "fics rated crazyhouse match"]
[Site "fics, Oklahoma City, OK USA"]
[Date "2000.02.29"]
[White "Firefly"]
[WhiteElo "2560"]
[Black "TheLongOne"]
[BlackElo "2098"]
[TimeControl "180+0"]
[Result "1-0"]

1. e4 e6 2. Nc3 Nc6 3. d4 Nf6 4. e5 Nd5 5. Nxd5 exd5 6. Nf3 
d6 7. Bb5 Bd7 8. Qe2 N@e4 9. N@g5 Nxd4 10. Nxd4 Bxb5 11. Qxb5+ P@c6 
12. e6 Nxg5 13. B@d7+ Ke7 14. Bxg5+ B@f6 15. N@f5# 
{TheLongOne checkmated} 1-0

[Event "fics rated crazyhouse match"]
[Site "fics, Oklahoma City, OK USA"]
[Date "2000.02.29"]
[White "TheLongOne"]
[WhiteElo "2097"]
[Black "Firefly"]
[BlackElo "2561"]
[TimeControl "180+0"]
[Result "0-1"]

1. e4 e6 2. d4 Nc6 3. Bd3 d5 4. e5 Nge7 5. Nf3 Nf5 6. Bg5 
Be7 7. Bxe7 Qxe7 8. B@f6 gxf6 9. exf6 Qxf6 10. P@g5 Qe7 11. Bxf5 exf5+ 
12. Kd2 B@f4+ 13. Kc3 Qb4+ 14. Kd3 Qc4# 
{TheLongOne checkmated} 0-1

[Event "fics rated crazyhouse match"]
[Site "fics, Oklahoma City, OK USA"]
[Date "2000.02.29"]
[White "Firefly"]
[WhiteElo "2562"]
[Black "TheLongOne"]
[BlackElo "2096"]
[TimeControl "180+0"]
[Result "1-0"]

1. e4 e6 2. Nc3 Nc6 3. d4 Nf6 4. e5 Nd5 5. Nf3 Bb4 6. Bd2 
Bxc3 7. bxc3 N@e4 8. B@h4 Nce7 9. Bxe7 Qxe7 10. N@h5 Rg8 11. c4 Ndc3 
12. Bxc3 Nxc3 13. Qd3 d6 14. Qxh7 Rf8 15. Nxg7+ Kd8 16. P@f6 Qxf6 17. exf6 
c6 18. P@e7+ Kd7 19. exf8=Q Kc7 20. c5 
{TheLongOne resigns} 1-0

[Event "fics rated crazyhouse match"]
[Site "fics, Oklahoma City, OK USA"]
[Date "2000.02.29"]
[White "Firefly"]
[WhiteElo "2563"]
[Black "pelicon"]
[BlackElo "2041"]
[TimeControl "180+0"]
[Result "1-0"]

1. e4 e6 2. Nc3 d6 3. d4 Nf6 4. Bd3 Be7 5. Nge2 Nc6 6. O-O 
d5 7. e5 Nd7 8. Be3 a6 9. a4 Ndxe5 10. dxe5 Nxe5 11. Bd4 Bf6 
12. Nf4 Nxd3 13. Bxf6 Qxf6 14. Nxd3 d4 15. Ne4 Qg6 16. B@f3 P@g4 17. N@e5 
Qh6 18. Nxg4 Qh5 19. Ngf6# 
{pelicon resigns} 1-0

[Event "fics rated crazyhouse match"]
[Site "fics, Oklahoma City, OK USA"]
[Date "2000.02.29"]
[White "pelicon"]
[WhiteElo "2040"]
[Black "Firefly"]
[BlackElo "2564"]
[TimeControl "180+0"]
[Result "0-1"]

1. e4 e6 2. Nc3 Nc6 3. Bb5 Nf6 4. Bxc6 dxc6 5. d4 Bb4 6. e5 
Ne4 7. Ne2 B@h5 8. O-O Bxc3 9. bxc3 Bxe2 10. Qxe2 Nxc3 11. Qd3 N@e2+ 
12. Kh1 Nxc1 13. Raxc1 N@e2 14. B@b4 Nxc1 15. Rxc1 P@d6 16. Qxc3 B@e4 17. B@f3 
Bxf3 18. Qxf3 B@d5 19. Qg3 R@g6 20. B@g4 h5 21. N@f4 Rxg4 22. Qe3 B@e4 
23. f3 Rxg2 24. fxe4 Rg4 25. B@f3 Bxe4 26. Bxe4 Qg5 27. N@h3 P@g2+ 28. Bxg2 
Rxg2 29. Nxg5 Rxg5 30. exd6 cxd6 31. Bxd6 B@d5+ 32. P@g2 N@f5 33. Nxd5 cxd5 
34. N@c7+ Kd7 35. B@a4+ P@c6 36. N@c5+ Kxd6 37. Qe5+ Ke7 38. P@d6+ Kf8 39. P@e7+ 
Kg8 40. e8=Q+ B@f8 41. Qxf7+ Kxf7 42. Qxf5+ Rxf5 43. P@g6+ Kxg6 44. N@h4+ Kg5 
45. Q@g6+ Kf4 46. B@g3+ Ke3 47. Nxf5+ exf5 48. Re1+ N@e2 49. Rxe2+ Kxe2 50. R@e1+ 
Kd2 51. N@f3+ Kc3 52. Re3+ Kb2 53. Rb3+ Ka1 54. Rb1+ Kxb1 55. Nd2+ Kc1 
56. Ncb3+ Kb2 
{pelicon resigns} 0-1

[Event "fics rated crazyhouse match"]
[Site "fics, Oklahoma City, OK USA"]
[Date "2000.02.29"]
[White "TheLongOne"]
[WhiteElo "2090"]
[Black "Thufir"]
[BlackElo "2383"]
[TimeControl "60+0"]
[Result "0-1"]

1. e4 e6 2. d4 Nc6 3. Nc3 Nf6 4. Bd3 Bb4 5. Qe2 Nxd4 6. Qd1 
P@a3 7. Ne2 Nxe2 8. Qxe2 axb2 9. Bxb2 P@a3 10. O-O axb2 11. N@h5 Nxh5 
12. Qxh5 Bxc3 13. Rab1 N@f6 14. Qg5 B@h6 15. Qxh6 gxh6 16. P@g7 Rg8 17. B@g3 
d6 18. e5 dxe5 19. N@e4 Nxe4 20. Bxe4 P@f5 21. Bd3 e4 22. Bb5+ Bd7 
23. Bxd7+ Qxd7 24. B@f6 N@e2+ 25. Kh1 Bxf6 26. N@e5 B@f3 27. gxf3 exf3 28. Nxf3 
P@g2+ 29. Kxg2 N@f4# 
{TheLongOne resigns} 0-1

[Event "fics rated crazyhouse match"]
[Site "fics, Oklahoma City, OK USA"]
[Date "2000.02.29"]
[White "Thufir"]
[WhiteElo "2386"]
[Black "TheLongOne"]
[BlackElo "2087"]
[TimeControl "60+0"]
[Result "1-0"]

1. e4 e6 2. d4 d5 3. exd5 exd5 4. Nc3 Nf6 5. Bb5+ P@c6 6. Qe2+ 
Qe7 7. Ba4 Bg4 8. P@f3 Qxe2+ 9. Ngxe2 Bxf3 10. gxf3 Bb4 11. B@g5 Bxc3+ 
12. Nxc3 N@g2+ 13. Kd1 Nbd7 14. B@h3 P@e4 15. Bxg2 exf3 16. Bxf3 P@e4 17. Bg2 
h6 18. Bge3 Ng4 19. N@f5 Nxe3+ 20. Bxe3 B@f3+ 21. Bxf3 exf3 22. Q@e7# 
{TheLongOne checkmated} 1-0

[Event "fics rated crazyhouse match"]
[Site "fics, Oklahoma City, OK USA"]
[Date "2000.02.29"]
[White "TheLongOne"]
[WhiteElo "2085"]
[Black "Thufir"]
[BlackElo "2388"]
[TimeControl "60+0"]
[Result "1-0"]

1. e4 e6 2. d4 Nf6 3. Nc3 Bb4 4. Bg5 h6 5. Bh4 Bxc3+ 6. bxc3 
N@g6 7. B@g3 O-O 8. e5 Nxh4 9. Bxh4 B@e7 10. exf6 Bxf6 11. Bxf6 Qxf6 
12. N@g4 Qg5 13. h4 P@d2+ 14. Qxd2 Qxd2+ 15. Kxd2 Q@f4+ 16. N@e3 B@h5 17. g3 
Qe4 18. P@f3 Qh7 19. B@e4 f5 20. Nxf5 exf5 21. Bd5+ Kh8 22. Ne5 Nc6 
23. Bxc6 bxc6 24. P@g4 fxg4 25. fxg4 Be8 26. P@d3 Rxf2+ 27. Be2 B@d6 28. g5 
h5 29. g6 Bxg6 30. Nxg6+ Qxg6 31. B@e4 P@f5 32. N@f4 Bxf4+ 33. gxf4 Rxf4 
34. Q@f8+ N@g8 35. B@g5 fxe4 36. Bxf4 P@e3+ 37. Bxe3 B@d6 38. P@h6 N@f3+ 39. Bxf3 
Bxf8 40. hxg7+ Qxg7 41. R@h7+ Kxh7 42. N@g6 Kxg6 43. P@f2 Kf7 44. Ke1 
{Thufir forfeits on time} 1-0

[Event "fics rated crazyhouse match"]
[Site "fics, Oklahoma City, OK USA"]
[Date "2000.02.29"]
[White "Thufir"]
[WhiteElo "2374"]
[Black "TheLongOne"]
[BlackElo "2099"]
[TimeControl "60+0"]
[Result "1-0"]

1. e4 e6 2. Nc3 Bc5 3. d4 Bxd4 4. Qxd4 Nc6 5. Qxg7 Qf6 6. Qxf6 
Nxf6 7. B@g7 Rg8 8. Bxf6 P@e7 9. Bh4 d6 10. P@d5 Nd4 11. Bd3 exd5 
12. Nxd5 Bg4 13. P@f3 P@e2 14. Nxe2 Bxf3 15. gxf3 P@g2 16. Nxc7+ Kd7 17. B@h3+ 
Kxc7 18. Bxg2 Rxg2 19. N@d5+ Kd7 20. Q@c7+ Ke6 21. Qxe7# 
{TheLongOne checkmated} 1-0

[Event "fics rated crazyhouse match"]
[Site "fics, Oklahoma City, OK USA"]
[Date "2000.02.29"]
[White "TheLongOne"]
[WhiteElo "2096"]
[Black "Thufir"]
[BlackElo "2377"]
[TimeControl "60+0"]
[Result "0-1"]

1. e4 e6 2. d4 Nc6 3. d5 exd5 4. exd5 Qe7+ 5. Be2 Ne5 6. P@f4 
Ng6 7. Nc3 d6 8. Nf3 Nf6 9. Ng5 P@h3 10. Nxf7 Kxf7 11. P@e6+ Bxe6 
12. dxe6+ Qxe6 13. B@b3 P@d5 14. Nxd5 hxg2 15. Be3 gxh1=Q+ 16. Kd2 Nxd5 17. Qxh1 
N@e4+ 18. Ke1 Ke7 19. Bxd5 Qxd5 20. P@d3 P@f5 21. P@g5 P@d2+ 22. Bxd2 B@c6 
23. dxe4 fxe4 24. N@c3 Qe6 25. f5 Qf6 26. gxf6+ Kd8 27. P@f7 gxf6 28. N@e6+ 
Ke7 29. Q@e8+ Bxe8 30. fxe8=Q+ Rxe8 31. Bh6 Bxh6 32. Qxe4 P@d2# 
{TheLongOne forfeits on time} 0-1

[Event "fics rated crazyhouse match"]
[Site "fics, Oklahoma City, OK USA"]
[Date "2000.02.29"]
[White "Thufir"]
[WhiteElo "2380"]
[Black "TheLongOne"]
[BlackElo "2093"]
[TimeControl "60+0"]
[Result "1-0"]

1. e4 d5 2. Nc3 d4 3. Bc4 dxc3 4. dxc3 e6 5. Qxd8+ Kxd8 6. Nf3 
Bc5 7. Ne5 Bxf2+ 8. Kxf2 Q@f6+ 9. P@f4 P@d6 10. B@g5 dxe5 11. Q@f8+ N@e8 
12. Bxf6+ gxf6 13. Rd1+ Bd7 14. Qxf7 N@d6 15. P@e7+ Nxe7 16. Rxd6 cxd6 17. Bxe6 
B@b6+ 18. P@e3 exf4 19. Bxd7 fxe3+ 20. Bxe3 Bxe3+ 21. Kxe3 B@b6+ 22. P@d4 Nxd7 
23. N@e6+ Kc8 24. Qxe7 P@g5 25. Q@d8+ Bxd8 26. Qxd8# 
{TheLongOne checkmated} 1-0

[Event "fics rated crazyhouse match"]
[Site "fics, Oklahoma City, OK USA"]
[Date "2000.02.29"]
[White "TheLongOne"]
[WhiteElo "2090"]
[Black "Thufir"]
[BlackElo "2383"]
[TimeControl "60+0"]
[Result "0-1"]

1. e4 e6 2. d4 Nc6 3. e5 Nf6 4. exf6 gxf6 5. Nf3 d5 6. Nc3 
Rg8 7. Bf4 P@e4 8. Ne5 fxe5 9. dxe5 Be7 10. N@f6+ Bxf6 11. exf6 Qxf6 
12. B@e5 Nxe5 13. Bxe5 Qxe5 14. P@d4 Qg5 15. h4 Qg7 16. N@f6+ Qxf6 17. Bb5+ 
P@c6 18. Be2 N@f4 19. Qd2 Nxg2+ 20. Kd1 B@f4 21. Qxf4 Qxf4 22. B@d2 Qxf2 
23. Bg5 B@f4 24. Bxf4 Qxf4 25. B@d2 P@e3 26. Be1 N@f2+ 27. Kc1 P@d2+ 28. Kb1 
dxe1=Q+ 29. Rxe1 N@d2+ 30. Kc1 Nxe1 31. Nxe4 Ndxe4 32. Kb1 
{TheLongOne resigns} 0-1

[Event "fics rated crazyhouse match"]
[Site "fics, Oklahoma City, OK USA"]
[Date "2000.02.29"]
[White "Thufir"]
[WhiteElo "2386"]
[Black "TheLongOne"]
[BlackElo "2087"]
[TimeControl "60+0"]
[Result "1-0"]

1. e4 e6 2. Nc3 d5 3. exd5 exd5 4. d4 Qe7+ 5. P@e5 Bf5 6. Bb5+ 
P@c6 7. Be2 Nd7 8. Nf3 f6 9. exf6 Ngxf6 10. Bg5 P@h6 11. Bxf6 Nxf6 
12. P@e5 Ne4 13. O-O Nxc3 14. bxc3 B@e4 15. N@g3 Bxf3 16. Bxf3 Be4 17. Bxe4 
dxe4 18. Nxe4 O-O-O 19. P@d6 cxd6 20. Nxd6+ Rxd6 21. exd6 N@e2+ 22. Kh1 Qxd6 
23. B@e5 P@h3 24. B@g4+ B@d7 25. Bxd7+ Kxd7 26. B@g4+ B@e6 27. Bxe6+ Kxe6 28. B@g4+ 
B@f5 29. Bxf5+ Kxf5 30. N@h4# 
{TheLongOne forfeits on time} 1-0